 Dungeon Crawl Stone Soup version 0.22.1-6-g1668fe2c40 (webtiles) character file.

43366 Kohma the Spear-Bearer (level 13, -1/103 HPs)
             Began as a Demonspawn Gladiator on Jan 22, 2019.
             Was a High Priest of Yredelemnul.
             Slain by a death yak (15 damage)
             ... on level 6 of the Lair of Beasts.
             The game lasted 01:40:07 (25328 turns).

Kohma the Spear-Bearer (Demonspawn Gladiator)      Turns: 25328, Time: 01:40:08

Health: -1/103     AC: 26    Str: 21    XL:     13   Next: 90%
Magic:  20/21      EV:  9    Int: 10    God:    Yredelemnul [*****.]
Gold:   335        SH:  0    Dex: 16    Spells: 12/12 levels left

rFire    + . .     SeeInvis +   a - +11 glaive "Demonspawn's Doom" {drain, rPois}
rCold    + . .     Gourm    .   (shield currently unavailable)
rNeg     + + .     Faith    .   S - +3 chain mail {MR+}
rPois    +         Spirit   .   c - +0 helmet
rElec    .         Reflect  .   B - +2 cloak
rCorr    .         Harm     .   o - +0 pair of gloves
MR       ++...                  V - +1 pair of boots of Qilomuil {*Slow +Inv rN++ SInv}
Stlth    ..........             (no amulet)
HPRegen  0.27/turn              J - ring of protection from magic
MPRegen  0.17/turn              t - ring "Xaloor" {rF+ rC+ Str+3}

@: lethally poisoned (-1 -> -3), studying Fighting
A: claws 1, thin metallic scales 2, powered by death 1, powered by pain 3
a: Recall Undead Slaves, Injury Mirror, Animate Dead, Drain Life, Enslave Soul,
Renounce Religion, Evoke Invisibility


You were on level 6 of the Lair of Beasts.
You worshipped Yredelemnul.
Yredelemnul was extremely pleased with you.
You were very hungry.

You visited 4 branches of the dungeon, and saw 21 of its levels.
You also visited: Labyrinth.

You collected 1224 gold pieces.
You spent 889 gold pieces at shops.

Inventory:

Hand Weapons
 a - the +11 glaive "Demonspawn's Doom" (weapon) {drain, rPois}
   (You found it on level 4 of the Lair of Beasts)

   A truly terrible weapon, it drains the life of those it strikes.
   It protects you from poison.
 v - a +3 scimitar of flaming
 Q - a +4 trident
Missiles
 h - 453 stones
 P - 2 throwing nets (quivered)
 R - 10 javelins
Armour
 c - a +0 helmet (worn)
 j - a +0 large shield
 o - a +0 pair of gloves (worn)
 y - a scarf of repulsion
 B - a +2 cloak (worn)
 F - a +0 pair of boots
 I - a +0 buckler
 S - a +3 chain mail of magic resistance (worn)
 V - the +1 pair of boots of Qilomuil (worn) {*Slow +Inv rN++ SInv}
   (You found it in a labyrinth)

   It greatly protects you from negative energy.
   It lets you see invisible.
   It lets you turn invisible.
   It may slow you when you take damage.
Jewellery
 k - an uncursed ring of resist corrosion
 p - a +3 ring of evasion
 t - the ring "Xaloor" (right hand) {rF+ rC+ Str+3}
   (You bought it in a shop on level 12 of the Dungeon)

   [ring of strength]

   It affects your strength (+3).
   It protects you from fire.
   It protects you from cold.
 J - a ring of protection from magic (left hand)
 M - the amulet of the Four Winds {rN+ MR+++ Clar}
   (You found it on level 6 of the Lair of Beasts)

   [amulet of nothing]

   It protects you from negative energy.
   It affects your resistance to hostile enchantments.
   It protects you against confusion.
Wands
 E - a wand of random effects (43)
 G - a wand of enslavement (53)
 N - a wand of polymorph (17)
 U - a wand of iceblast (19)
Scrolls
 g - 6 scrolls of fear
 i - 5 scrolls of amnesia
 l - 7 scrolls of remove curse
 m - 3 scrolls of identify
 n - 5 scrolls of immolation
 q - 5 scrolls of teleportation
 x - 2 scrolls of magic mapping
 z - a scroll of silence
 A - a scroll of enchant weapon
 C - 2 scrolls of blinking
 H - a scroll of fog
Potions
 b - 4 potions of lignification
 d - 5 potions of brilliance
 e - 3 potions of curing
 r - 2 potions of agility
 s - a potion of cancellation
 u - 2 potions of flight
 w - 2 potions of berserk rage
 D - a potion of magic
 K - a potion of might
Books
 L - a manual of Fighting
Miscellaneous
 O - 4 phantom mirrors
Comestibles
 f - 18 rations


   Skills:
 + Level 10.2 Fighting
 * Level 14.2 Polearms
 - Level 1.7 Throwing
 - Level 10.0 Armour
 - Level 2.6 Dodging
 - Level 6.8 Shields
 + Level 11.0 Invocations
 + Level 3.5 Evocations


You had 12 spell levels left.
You didn't know any spells.
Your spell library contained the following spells:

 Spells                   Type           Power        Failure   Level  Hunger
 Corona                   Hex            #......      94%         1    ##.....
 Infusion                 Chrm           #...         94%         1    ##.....
 Magic Dart               Conj           #...         94%         1    ##.....
 Blink                    Tloc           N/A          98%         2    ###....
 Call Imp                 Summ           #.......     98%         2    ###....
 Shroud of Golubria       Chrm/Tloc      #.........   98%         2    ###....
 Slow                     Hex            #.......     98%         2    ###....
 Song of Slaying          Chrm           #.......     98%         2    ###....
 Conjure Flame            Conj/Fire      #.......     100%        3    ####...
 Inner Flame              Hex/Fire       #.......     100%        3    ####...
 Mephitic Cloud           Conj/Pois/Air  #.......     100%        3    ####...
 Portal Projectile        Hex/Tloc       #.....       100%        3    ####...
 Regeneration             Chrm/Necr      #.........   100%        3    ####...
 Spectral Weapon          Hex/Chrm       #.......     100%        3    ####...
 Cause Fear               Hex            #.........   100%        4    #####..
 Leda's Liquefaction      Hex/Erth       #.........   100%        4    #####..
 Bolt of Magma            Conj/Fire/Erth #.........   100%        5    ######.
 Iskenderun's Battlesphe  Conj/Chrm      #.......     100%        5    ######.
 Silence                  Hex/Air        #.........   100%        5    ######.
 Venom Bolt               Conj/Pois      #.........   100%        5    ######.
 Yara's Violent Unravell  Hex/Tmut       #.........   100%        5    ######.
 Deflect Missiles         Chrm/Air       #.........   100%        6    #######
 Iron Shot                Conj/Erth      #.........   100%        6    #######
 Orb of Destruction       Conj           #.........   100%        7    #######
 Spellforged Servitor     Conj/Summ      #.........   100%        7    #######
 Discord                  Hex            #.........   100%        8    #######


Dungeon Overview and Level Annotations

Branches:
Dungeon (12/15)            Temple (1/1) D:4            Lair (6/6) D:11
  Swamp (0/4) Lair:2        Snake (0/4) Lair:3        Slime (0/5) Lair:5
    Orc (2/2) D:11            Elf (0/3) Orc:2

Altars:
Ashenzari
Cheibriados
Dithmenos
Elyvilon
Fedhas
Gozag
Hepliaklqana
Kikubaaqudgha
Makhleb
Nemelex Xobeh
Okawaru
Qazlal
Ru
Sif Muna
Trog
Uskayaw
Vehumet
Wu Jian
Xom
Yredelemnul
Zin
The Shining One
Jiyva

Shops:
D:6 !   D:7 =   D:8 [   D:12 =   Orc:1 [

Annotations:
D:4 2 runed doors, spacerossing's ghost, novice HOFi
D:9 1 runed door, Kohma's ghost, journeyman MfSk
Lair:1 2 runed doors, exclusion: downstairs, Kohma's ghost, journeyman DsBe
Lair:5 1 runed door


Innate Abilities, Weirdness & Mutations

You have sharp fingernails.
You are mostly covered in thin metallic scales. (AC +3)
You regenerate a little health from kills.
You are powered by pain.


Message History

Your water moccasin zombie barely misses the spiny frog.
The spiny frog stings your water moccasin zombie!!
The death yak gores your water moccasin zombie!
Your water moccasin zombie bites the death yak but does no damage.
Unknown command.
You feel sick.
The spiny frog stings your water moccasin zombie!
Your water moccasin zombie bites the death yak.
The death yak gores your water moccasin zombie!
Your water moccasin zombie is destroyed!
The death yak bellows!
You hit the death yak. You drain the death yak!
The death yak is heavily wounded.
The death yak gores you but does no damage.
The death yak gores your death yak zombie but does no damage.
You slice the death yak!!
The death yak is almost dead.
You feel sick. The death yak gores you!
You die...
Your body rises from the dead as a mindless zombie.

#### #.#.######
##....##.##
####.......#.## ##
#.............###.#
...............P.###
.#....Y.F........###
.........ZY@.........##
≈≈.≈.P...≈≈≈≈≈P.≈.....##
##≈≈.#≈≈.#≈≈##≈≈.#≈...P#
#≈≈#.≈≈#.≈≈.#≈≈##≈....#
≈≈≈≈≈≈P≈≈≈≈≈≈≈≈≈≈≈≈....#
#.PP≈.≈≈.P≈≈##≈≈≈≈.....#
#≈≈≈P≈≈P≈≈≈≈≈#≈≈##≈...##
≈≈≈≈≈≈≈≈≈≈≈#≈≈##.....##
#≈≈≈≈......#


You could see 2 death yaks, a spiny frog and a friendly death yak zombie.

Vanquished Creatures
  A minotaur (Lab)
  Josephine (Lair:4)
  2 hydras
  A merfolk avatar (Lair:6)
  Erica (D:8)
  2 two-headed ogres
  9 death yaks
  A sea snake (Lair:6)
  A harpy (Lair:6)
  Pikel (D:6)
  2 oklob plants
  A manticore (Lair:6)
  6 elephants
  2 black mambas
  A black mamba (shapeshifter) (D:11)
  A centaur zombie (D:11)
  Psyche (D:8)
  A kobold demonologist (D:12)
  6 spiny frogs
  2 centaur skeletons
  5 rime drakes
  5 komodo dragons
  5 polar bears
  A hornet (Lair:5)
  A tyrant leech (Lair:2)
  2 wind drakes (Lair:6)
  Grinder (D:4)
  A hippogriff (D:10)
  5 blink frogs
  Prince Ribbit (D:8)
  3 slime creatures (D:12)
  Sigmund (D:4)
  A shadow (D:11)
  A wraith (Lair:4)
  16 yaks
  2 vampires (D:12)
  A steam dragon (Lair:2)
  A hog (D:7)
  A human (D:7)
  2 hungry ghosts
  A swamp worm (Lair:2)
  Edmund (D:3)
  2 nagas
  12 water moccasins
  A swamp drake (D:11)
  10 porcupines
  5 sky beasts
  A slave (D:6)
  5 orc warriors
  3 ice beasts
  A black bear (Lair:2)
  3 ogres
  5 centaurs
  12 crocodiles
  Blork the orc (D:4)
  3 big kobolds (D:12)
  8 bullfrogs
  2 scorpions
  6 killer bees
  3 wights (D:12)
  2 howler monkeys
  4 crimson imps
  2 bullfrog zombies
  2 jellies
  6 orc priests
  5 hounds
  Jessica (D:2)
  2 bullfrog skeletons
  12 orc wizards
  An iguana (D:9)
  9 worker ants
  A worker ant zombie (D:10)
  2 howler monkey skeletons
  16 adders
  4 gnolls
  4 shadow imps
  An ooze (D:6)
  3 worms
  2 dart slugs
  4 leopard geckos
  33 orcs
  4 giant cockroaches
  3 goblins
  6 hobgoblins
  17 jackals
  8 kobolds
  A quokka (D:7)
  A ball python (D:5)
  8 bats
  2 frilled lizards
  A giant cockroach zombie (D:5)
  A leopard gecko zombie (D:5)
  A quokka skeleton (D:8)
  5 rats
  A fungus (Lair:5)
  A plant (Lair:2)
360 creatures vanquished.

Vanquished Creatures (collateral kills)
  A hydra (Lair:5)
  A death yak (D:10)
  Nergalle (Lair:2)
  An oklob plant (Lair:1)
  2 elephants (Lair:5)
  A black mamba (Lair:1)
  6 spiny frogs
  2 kobold demonologists (D:12)
  2 komodo dragons
  3 rime drakes
  A sea snake zombie (Lair:6)
  A tyrant leech (Lair:2)
  A hornet (Lair:6)
  2 polar bears
  3 hippogriffs
  2 slime creatures (D:12)
  2 blink frogs
  3 wraiths (Lair:4)
  4 yaks
  A basilisk (Lair:2)
  A hungry ghost (D:10)
  A naga (Lair:2)
  3 water moccasins
  3 porcupines
  An orc warrior (D:10)
  2 crocodiles
  2 big kobolds (D:12)
  A gnoll sergeant (D:8)
  3 bullfrogs
  A scorpion (D:9)
  2 wights (D:12)
  6 killer bees
  An electric eel (Lair:6)
  A crimson imp (D:12)
  A jelly (D:7)
  A bullfrog skeleton (D:10)
  3 orc wizards
  2 worker ants (D:12)
  An adder (D:7)
  3 gnolls (D:8)
  2 river rats (D:10)
  6 orcs
  A jackal (D:10)
  A quokka (D:10)
  2 bushes (Lair:1)
  6 fungi
  7 plants
104 creatures vanquished.

Vanquished Creatures (others)
  A skeletal warrior (Lair:6)
  A spiny frog (Lair:3)
  2 death yak zombies (Lair:2)
  3 flying skulls
  A black mamba zombie (Lair:2)
  3 wraiths
  A wind drake zombie (Lair:6)
  A spectral troll (D:12)
  4 spiny frog zombies
  A hornet zombie (Lair:6)
  4 elephant zombies
  2 blink frog zombies (Lair:2)
  A manticore zombie (Lair:6)
  A hog zombie (D:7)
  A rime drake zombie (Lair:6)
  A komodo dragon zombie (Lair:6)
  A hippogriff zombie (D:10)
  7 water moccasin zombies
  2 yak zombies
  3 wights
  A crimson imp (D:6)
  2 human zombies
  A centaur zombie (D:8)
  4 porcupine zombies
  3 killer bee zombies (D:10)
  4 big kobold zombies (D:12)
  2 crocodile zombies
  2 mummies
  2 worker ant zombies (D:12)
  2 scorpion zombies
  4 adder zombies
  An iguana zombie (D:9)
  An adder skeleton (D:6)
  An electric eel zombie (Lair:6)
  2 orcs
  A river rat zombie (D:10)
  2 gnoll zombies (D:8)
  3 jackal zombies
  4 kobold zombies (D:12)
  19 orc zombies
  A quokka zombie (D:10)
  7 fungi (Lair:6)
  2 plants (Lair:6)
112 creatures vanquished.

Grand Total: 576 creatures vanquished

Notes
Turn   | Place    | Note
-------+----------+-------------------------------------------
     0 | D:1      | Kohma the Demonspawn Gladiator began the quest for the Orb.
     0 | D:1      | Reached XP level 1. HP: 16/16 MP: 1/1
   328 | D:1      | Reached skill level 3 in Polearms
   328 | D:1      | Gained mutation: You sometimes gain a little power by
                  | taking damage. [demonic ancestry]
   328 | D:1      | Reached XP level 2. HP: 17/22 MP: 2/2
  1060 | D:2      | Reached skill level 1 in Armour
  1060 | D:2      | Gained mutation: You sometimes gain power by taking damage.
                  | [demonic ancestry]
  1060 | D:2      | Reached XP level 3. HP: 18/28 MP: 3/3
  1863 | D:2      | Reached XP level 4. HP: 34/34 MP: 4/4
  1878 | D:2      | Found a glowing golden altar of the Shining One.
  1878 | D:2      | Found an ancient bone altar of Kikubaaqudgha.
  1879 | D:2      | Found a shimmering altar of Xom.
  1899 | D:2      | Found a burning altar of Makhleb.
  2108 | D:2      | Noticed Jessica
  2120 | D:2      | Killed Jessica
  2296 | D:2      | Reached skill level 4 in Polearms
  2485 | D:3      | Gained mutation: You regenerate a little health from kills.
                  | [demonic ancestry]
  2485 | D:3      | Reached XP level 5. HP: 18/41 MP: 5/5
  3155 | D:3      | Found a snail-covered altar of Cheibriados.
  3239 | D:3      | Found a radiant altar of Vehumet.
  3613 | D:4      | Found a runed door.
  3623 | D:4      | Noticed spacerossing's ghost (novice HOFi)
  3633 | D:4      | Noticed Sigmund
  3654 | D:3      | Reached XP level 6. HP: 41/47 MP: 6/6
  3707 | D:4      | Found a staircase to the Ecumenical Temple.
  3716 | Temple   | Entered the Ecumenical Temple
  3959 | Temple   | Became a worshipper of Yredelemnul the Dark
  4005 | D:4      | Found a runed door.
  4007 | D:4      | Noticed a hand axe
  4008 | D:4      | Found a hide-covered altar of Uskayaw.
  4008 | D:4      | Noticed a dagger
  4180 | D:4      | Killed Sigmund
  4180 | D:4      | Reached skill level 5 in Polearms
  4483 | D:4      | Noticed Edmund
  4520 | D:3      | Killed Edmund
  4520 | D:3      | Gained mutation: You have sharp fingernails. [demonic
                  | ancestry]
  4520 | D:3      | Reached XP level 7. HP: 41/53 MP: 7/9
  4647 | D:4      | Noticed Grinder
  4685 | D:4      | Paralysed by Grinder for 4 turns
  4694 | D:4      | Paralysed by Grinder for 6 turns
  4703 | D:4      | Paralysed by Grinder for 3 turns
  4825 | D:4      | Noticed Blork the orc
  4867 | D:4      | Killed Blork the orc
  5170 | D:4      | Found a sacrificial altar of Ru.
  5429 | D:4      | Paralysed by Grinder for 7 turns
  5437 | D:4      | Killed Grinder
  5688 | D:5      | Entered Level 5 of the Dungeon
  5773 | D:5      | Reached skill level 6 in Polearms
  5821 | D:5      | Found a glowing silver altar of Zin.
  5821 | D:5      | Noticed an angel
  5852 | D:5      | Reached skill level 5 in Invocations
  5852 | D:5      | Gained mutation: You are partially covered in thin metallic
                  | scales. (AC +2) [demonic ancestry]
  5852 | D:5      | Reached XP level 8. HP: 54/61 MP: 11/11
  6775 | D:5      | Reached skill level 5 in Fighting
  6900 | D:6      | Noticed Pikel
  6935 | D:6      | Killed Pikel
  6935 | D:6      | Reached skill level 7 in Polearms
  6935 | D:6      | Gained mutation: You are powered by pain. [demonic
                  | ancestry]
  6935 | D:6      | Reached XP level 9. HP: 31/68 MP: 12/14
  7196 | D:6      | Found Zemegami's Distillery.
  7285 | D:6      | Bought a potion of curing for 42 gold pieces
  7285 | D:6      | Bought a potion of heal wounds for 70 gold pieces
  7285 | D:6      | Bought a potion of curing for 42 gold pieces
  7300 | D:6      | Reached * piety under Yredelemnul
  8026 | D:7      | Found a stormy altar of Qazlal.
  8172 | D:7      | Reached skill level 8 in Polearms
  8172 | D:7      | Reached skill level 5 in Armour
  8798 | D:7      | Found Peacimes's Jewellery Boutique.
  8957 | D:8      | Found a shattered altar of Ashenzari.
  9029 | D:8      | Noticed a two-headed ogre
  9032 | D:8      | Noticed Psyche
  9221 | D:8      | Found an ornate altar of the Wu Jian Council.
  9228 | D:8      | Found a bloodstained altar of Trog.
  9286 | D:8      | Killed Psyche
  9286 | D:8      | Reached ** piety under Yredelemnul
  9286 | D:8      | Gained mutation: You are mostly covered in thin metallic
                  | scales. (AC +3) [demonic ancestry]
  9286 | D:8      | Reached XP level 10. HP: 77/77 MP: 17/17
  9364 | D:8      | Noticed Prince Ribbit
  9365 | D:8      | Found Lauczu's Armour Shop.
  9386 | D:8      | Killed Prince Ribbit
  9455 | D:8      | Reached skill level 10 in Invocations
  9563 | D:8      | Noticed Erica
  9586 | D:8      | HP: 1/77 [something/orb of energy (12)]
  9591 | D:8      | Killed Erica
  9591 | D:8      | Reached skill level 9 in Polearms
  9827 | D:8      | Your ally Erica died
  9863 | D:8      | HP: 2/77 [two-headed ogre/giant club (14)]
  9865 | D:8      | Killed a two-headed ogre
 10562 | D:9      | Found a deep blue altar of Sif Muna.
 10598 | D:9      | Found a runed door.
 10599 | D:9      | Noticed Kohma's ghost (journeyman MfSk)
 10694 | D:9      | Found a shadowy altar of Dithmenos.
 11364 | D:10     | Entered Level 10 of the Dungeon
 11379 | D:10     | Reached skill level 10 in Polearms
 11470 | D:10     | Reached *** piety under Yredelemnul
 12057 | D:8      | Bought a +3 chain mail of cold resistance for 265 gold
                  | pieces
 12730 | D:11     | Reached XP level 11. HP: 74/86 MP: 15/18
 12808 | D:11     | Noticed a death yak
 12826 | D:11     | Noticed a death yak
 12829 | D:11     | Noticed a death yak
 12849 | D:10     | Killed a death yak
 13134 | D:10     | Killed a death yak
 13165 | D:10     | Killed a death yak
 13220 | D:11     | Noticed a two-headed ogre
 13240 | D:11     | Killed a two-headed ogre
 13539 | D:11     | Found a staircase to the Orcish Mines.
 13579 | D:11     | Reached **** piety under Yredelemnul
 13596 | D:11     | Received a gift from Yredelemnul (a mummy)
 13734 | D:11     | Reached skill level 11 in Polearms
 14012 | D:11     | Found a staircase to the Lair.
 14127 | Orc:1    | Entered Level 1 of the Orcish Mines
 14128 | Orc:1    | Found Rat Homp's Armour Shoppe.
 14172 | Orc:2    | Entered Level 2 of the Orcish Mines
 14192 | Orc:2    | Found a staircase to the Elven Halls.
 14249 | Orc:2    | Noticed a stone giant
 14451 | D:12     | Received a gift from Yredelemnul (a wight)
 14758 | D:12     | Found Esyonemu's Jewellery Shop.
 15147 | D:12     | Reached skill level 1 in Shields
 15162 | D:12     | Noticed Snorg
 15188 | D:12     | Noticed a sun demon
 15376 | Lair:1   | Entered Level 1 of the Lair of Beasts
 15456 | Lair:1   | Reached ***** piety under Yredelemnul
 15842 | Lair:1   | HP: 4/89 [black mamba (9)]
 16298 | Lair:1   | Reached XP level 12. HP: 27/95 MP: 19/19
 16645 | Lair:1   | Found a large runed door.
 17220 | Lair:1   | Found a large runed door.
 17265 | Lair:1   | You fall through a shaft!
 17291 | Lair:2   | Received a gift from Yredelemnul (a wight)
 17514 | Lair:2   | Reached skill level 12 in Polearms
 17712 | Orc:1    | Bought a +0 buckler for 67 gold pieces
 18076 | Lair:1   | Noticed Kohma's ghost (journeyman DsBe)
 18126 | Lair:2   | Noticed Nergalle
 18249 | Lair:2   | Killed Nergalle
 18319 | Lair:2   | Received a gift from Yredelemnul (a mummy)
 18832 | Lair:2   | Your ally Nergalle died
 18914 | Lair:2   | Found a staircase to the Swamp.
 19221 | Lair:3   | Noticed a death yak
 19221 | Lair:3   | Noticed a death yak
 19221 | Lair:3   | Noticed a death yak
 19222 | Lair:3   | Noticed a death yak
 19222 | Lair:3   | Noticed a death yak
 19265 | Lair:2   | Killed a death yak
 19265 | Lair:2   | Reached skill level 5 in Shields
 19433 | Lair:2   | Received a gift from Yredelemnul (a wraith)
 19452 | Lair:2   | Killed a death yak
 19462 | Lair:2   | Killed a death yak
 19571 | Lair:2   | Killed a death yak
 19585 | Lair:2   | Killed a death yak
 19856 | Lair:3   | Found a staircase to the Snake Pit.
 19880 | Lair:3   | Noticed an eight-headed hydra
 20274 | Lair:2   | Killed an eight-headed hydra
 20334 | Lair:2   | Reached skill level 10 in Fighting
 20680 | D:11     | Killed Snorg
 20680 | D:11     | Enslaved Snorg
 21103 | D:12     | Your ally Snorg died
 21108 | D:12     | Received a gift from Yredelemnul (3 flying skulls)
 21195 | D:12     | Bought the ring "Xaloor" {rF+ rC+ Str+3} for 403 gold
                  | pieces
 21734 | Lair:3   | Reached XP level 13. HP: 103/103 MP: 20/20
 22063 | Lair:4   | Received a gift from Yredelemnul (a wight)
 22261 | Lair:4   | Noticed Josephine
 22262 | Lair:4   | Got a faintly glowing glaive
 22277 | Lair:4   | Killed Josephine
 22277 | Lair:4   | Reached skill level 13 in Polearms
 22501 | Lair:4   | Identified the +11 glaive "Demonspawn's Doom" {drain,
                  | rPois} (You found it on level 4 of the Lair of Beasts)
 23322 | Lair:5   | Received a gift from Yredelemnul (a wraith)
 23326 | Lair:5   | Found a labyrinth entrance.
 23337 | Lair:5   | Found a runed door.
 23338 | Lair:5   | Found a viscous altar of Jiyva.
 23339 | Lair:5   | Found a staircase to the Slime Pits.
 23359 | Lab      | Entered a labyrinth
 23725 | Lab      | Noticed a minotaur
 23740 | Lab      | Killed a minotaur
 23755 | Lab      | Got a pair of translucent boots
 23766 | Lab      | Identified the +1 pair of boots of Qilomuil {*Slow +Inv
                  | rN++ SInv} (You found it in a labyrinth)
 24150 | Lair:5   | Reached skill level 1 in Evocations
 24183 | Lair:5   | Received a gift from Yredelemnul (a skeletal warrior)
 24603 | Lair:6   | Entered Level 6 of the Lair of Beasts
 24708 | Lair:6   | Received a gift from Yredelemnul (a wraith)
 24737 | Lair:6   | Reached skill level 10 in Armour
 24759 | Lair:6   | Found the amulet of the Four Winds {rN+ MR+++ Clar}
 24773 | Lair:6   | Reached skill level 14 in Polearms
 24824 | Lair:5   | Paralysed by a hornet for 2 turns
 25328 | Lair:6   | Slain by a death yak

Skill      XL: |  1  2  3  4  5  6  7  8  9 10 11 12 13 |
---------------+----------------------------------------+-----
Polearms       | 3 4 5 6 7 8 10 11 12 14 | 14.2
Armour         | 1 2 3 4 5 6 8 9 10 | 10.0
Fighting       | 3 4 5 6 7 9 10 | 10.2
Invocations    | 3 5 7 9 10 11 | 11.0
Shields        | 2 6 |  6.8
Evocations     | 3 |  3.5
Throwing       | |  1.7
Dodging        | |  2.6

Action                   |  1- 3 |  4- 6 |  7- 9 | 10-12 | 13-15 || total
-------------------------+-------+-------+-------+-------+-------++-------
Melee: Trident           |    97 |   198 |   510 |  1265 |    52 ||  2122
       Glaive            |       |       |       |       |   192 ||   192
Throw: Throwing net      |       |     4 |       |     3 |     2 ||     9
       Stone             |       |       |     8 |       |       ||     8
Invok: Animate Remains   |       |       |    13 |    12 |       ||    25
       Animate Dead      |       |       |       |    44 |    21 ||    65
       Recall Undead Sla |       |       |       |     4 |       ||     4
       Enslave Soul      |       |       |       |     1 |       ||     1
Evoke: Wand              |       |       |     4 |     8 |     2 ||    14
  Use: Scroll            |       |       |    12 |    14 |     6 ||    32
       Potion            |       |       |     2 |    12 |     1 ||    15
 Stab: Sleeping          |     2 |       |       |       |       ||     2
       Held in net/web   |       |     3 |       |       |       ||     3
       Distracted        |       |       |     1 |     8 |     3 ||    12
       Confused          |       |       |       |     1 |       ||     1
  Eat: Chunk             |     3 |     8 |    11 |     2 |     9 ||    33
       Ration            |       |       |     5 |    17 |     2 ||    24
Armor: Leather armour    |    22 |    19 |       |       |       ||    41
       Chain mail        |       |    81 |   245 |   469 |   195 ||   990
       Plate armour      |       |       |    28 |   141 |       ||   169
Dodge: Dodged            |    64 |    93 |   195 |   507 |   100 ||   959
Block: Buckler           |       |       |       |    59 |    10 ||    69
